 Dungeon Crawl Stone Soup version 0.25-a0-577-ga4619f409e (webtiles) character file.

Game seed: 8500029960096569601, levelgen mode: deterministic

57 Flugslaktarn the Shield-Bearer (level 3, -4/33 HPs)
             Began as a Minotaur Fighter on Mar 2, 2020.
             Was an Initiate of Gozag.
             Slain by Natasha (7 damage)
             ... on level 3 of the Dungeon.
             The game lasted 00:00:59 (806 turns).

Flugslaktarn the Shield-Bearer (Minotaur Fighter)    Turns: 806, Time: 00:01:00

Health: -4/33      AC:  7    Str: 21    XL:     3   Next: 73%
Magic:  0/2        EV:  7    Int:  5    God:    Gozag
Gold:   69         SH:  9    Dex:  9    Spells: 2/2 levels left

rFire    . . .     SeeInvis .   a - +0 war axe
rCold    . . .     Gourm    .   c - +0 kite shield
rNeg     . . .     Faith    .   b - +0 scale mail
rPois    .         Spirit   +   (helmet restricted)
rElec    .         Reflect  .   (no cloak)
rCorr    .         Harm     .   (no gloves)
MR       .....                  (no boots)
Stlth    ..........             j - amulet of guardian spirit
HPRegen  0.11/turn              (no ring)
MPRegen  0.08/turn              (no ring)

@: brilliant, lethally poisoned (-4 -> -22), slowed, very slow
A: retaliatory headbutt, horns 2
a: Potion Petition, Call Merchant, Bribe Branch, Renounce Religion


You were on level 3 of the Dungeon.
You worshipped Gozag.
Gozag was noncommittal.
You were not hungry.

You visited 1 branch of the dungeon, and saw 3 of its levels.

You collected 89 gold pieces.
You paid 20 gold pieces to Gozag.

Inventory:

Hand Weapons
 a - a +0 war axe (weapon)
Armour
 b - a +0 scale mail (worn)
 c - a +0 kite shield (worn)
Jewellery
 j - an amulet of guardian spirit (around neck)
   (You found it on level 1 of the Dungeon)
Scrolls
 g - 2 scrolls of teleportation {unknown}
 m - 2 scrolls of identify {unknown}
 n - a scroll of fear {unknown}
 o - 3 scrolls of amnesia {unknown}
 p - a scroll of enchant weapon {unknown}
 q - a scroll of magic mapping {unknown}
Potions
 d - 2 potions of might
 r - a potion of brilliance
Comestibles
 e - 5 rations


   Skills:
 + Level 4.1 Fighting
 * Level 3.6 Axes
 + Level 4.1 Armour
 + Level 4.1 Shields


You had 2 spell levels left.
You didn't know any spells.
Your spell library was empty.

Dungeon Overview and Level Annotations

Branches:
Dungeon (3/15)

Altars:
Gozag
Qazlal
Sif Muna

Annotations:
D:3 Natasha, Sigmund


Innate Abilities, Weirdness & Mutations

You reflexively headbutt those who attack you in melee.
You have a pair of horns on your head.


Message History

You completely miss Natasha.
You hit the shadow imp but do no damage.
You closely miss the crimson imp.
You feel very sick.
Natasha stares at you and mumbles some strange words.
You feel as though you will be slow longer.
The crimson imp hits you. You block the shadow imp's attack.
Something hits you!
* * * LOW HITPOINT WARNING * * *
You block the goblin's attack.
The white imp hits you but does no damage.
Natasha barely misses you. You furiously retaliate!
You headbutt Natasha! The crimson imp hits you.
* * * LOW HITPOINT WARNING * * *
The shadow imp hits you but does no damage.
The goblin closely misses you.
The white imp hits you but does no damage.
Natasha claws you!
You die...
Your body crumbles into a pile of gold.

$ ########.#
.........##
########..##
#######...## $
##......#...#
##......$..#.....
#..........##....
#.....5..........
#....@h.......#..
#...55g.<.......#
#....{.....#.##.
#............#
............###
###..........#
#............
#..........##


You could see Natasha, a crimson imp, a white imp, a shadow imp and a goblin.

Vanquished Creatures
  An adder (D:2)
  An ooze (D:1)
  A dart slug (D:1)
  2 leopard geckos
  An orc (D:2)
  A ball python (D:1)
  2 bats
  2 giant cockroaches
  4 goblins
  3 hobgoblins
  6 jackals (D:1)
  5 kobolds
  A frilled lizard (D:1)
  4 rats
34 creatures vanquished.

Notes
Turn   | Place    | Note
-------+----------+-------------------------------------------
     0 | D:1      | Flugslaktarn the Minotaur Fighter began the quest for the
                  | Orb.
     0 | D:1      | Reached XP level 1. HP: 19/19 MP: 0/0
   209 | D:1      | Reached XP level 2. HP: 27/27 MP: 1/1
   428 | D:2      | Reached XP level 3. HP: 33/33 MP: 2/2
   575 | D:2      | Found a stormy altar of Qazlal.
   625 | D:2      | Found a shimmering blue altar of Sif Muna.
   625 | D:2      | Found an opulent altar of Gozag.
   629 | D:2      | Became a worshipper of Gozag Ym Sagoz the Greedy
   789 | D:3      | Noticed Sigmund
   793 | D:3      | Noticed Natasha
   806 | D:3      | Slain by Natasha

Levels and vault maps discovered:
D:1:      co_arrival_random_square_maze, layout_rooms
D:2:      layout_rooms, gammafunk_temple_overflow_elements,
          nicolae_overflow_crystal_walls, serial_forest,
          infiniplex_forest_end_2, infiniplex_forest_corner_1,
          infiniplex_forest_straight_3, infiniplex_forest_lined_1,
          infiniplex_forest_end_2, infiniplex_forest_clump_small,
          infiniplex_forest_zigzag_1
D:3:      layout_rooms, uniq_sigmund, uniq_natasha

Skill      XL: |  1  2 |
---------------+-------+-----
Axes           | 3 |  3.6
Fighting       | 4 |  4.1
Armour         | 4 |  4.1
Shields        | 4 |  4.1

Action                   || total
-------------------------++-------
Melee: War axe           ||    74
       Headbutt          ||    11
Invok: Potion Petition   ||     1
  Use: Potion            ||     5
Armor: Scale mail        ||    40
Dodge: Dodged            ||    36
Block: Kite shield       ||    53

Table legend:
 A = Non-vault XP
 B = Vault XP
 C = Vault XP percentage of total XP
 D = Non-vault monster count
 E = Vault monster count
 F = Vault count percentage of total count
                 A         B        C        D         E       F
            +---------+---------+-------+---------+---------+-------
      Total |      82 |       0 |   0.0 |      34 |       0 |   0.0
            +---------+---------+-------+---------+---------+-------
        D:1 |      40 |       0 |   0.0 |      18 |       0 |   0.0
        D:2 |      33 |       0 |   0.0 |      12 |       0 |   0.0
        D:3 |       9 |       0 |   0.0 |       4 |       0 |   0.0
            +---------+---------+-------+---------+---------+-------
